cohdb
Replays
Latest Replays
All Replays
Popular Replays
Top Player Replays
Match Explorer
How It Works
Community
CoH3 Stats
Reddit
Sign in to upload your games and track your stats! →
Sign in with Steam
Match 47311604
Unlisted
Match 47311604
Overview
Messages
Build Orders
End
Construct Infanterie Kompanie
MG 42 Machine Gun Team
Grenadier Squad
Selects Breakthrough Battlegroup
Selects Assault Grenadiers
GrW 34 Mortar Team
Sniper
Construct Luftwaffe Kompanie
Jäger Squad
Selects 2.5-tonne Cargo Truck
Support Elements
2.5-tonne Cargo Truck
Wirbelwind Flakpanzer
Pioneer Squad
Marder III M Tank Destroyer
Grenadier Squad
Construct Panzergrenadier Kompanie
Nebelwerfer 42 Rocket Launcher Team
Side Skirts
Construct Panzer Kompanie
CatNi_Tv
Ve'z man
Yoru gmn.gg
Shingles
Ghost_MB
ambiorix
0
0
Comments
sign in to comment!
No comments posted yet!